 Dungeon Crawl Stone Soup version 0.29.1-2-gbd0b4ee654 (webtiles) character file.

Game seed: 15164891824362707622

103 wingedge the Shooter (level 4, -5/36 HPs)
             Began as a Demigod Hunter on Oct 28, 2022.
             Blown up by Ijyb (19 damage)
             ... with a mindburst bolt
             ... on level 3 of the Dungeon.
             The game lasted 00:06:46 (2598 turns).

wingedge the Shooter (Demigod Hunter)               Turns: 2598, Time: 00:06:47

Health: -5/36      AC:  5    Str: 16    XL:     4   Next: 27%
Magic:  4/6        EV: 11    Int: 11    God:
Gold:   142        SH:  0    Dex: 17    Spells: 3/3 levels left

rFire   + . .      SeeInvis +   a - +0 shortbow
rCold   . . .      Faith    .   (shield currently unavailable)
rNeg    . . .      Spirit   .   y - +0 ring mail
rPois   .          Reflect  .   (no helmet)
rElec   .          Harm     .   (no cloak)
rCorr   .          Rampage  .   (no gloves)
Will    .....                   (no boots)
Stlth   +.........              (no amulet)
HPRegen 0.12/turn               i - ring of protection from fire
MPRegen 0.10/turn               j - ring of see invisible

@: no status effects
A: high MP 1, forlorn, divine attributes
a: no special abilities


You were on level 3 of the Dungeon.
You visited 1 branch of the dungeon, and saw 3 of its levels.

You collected 142 gold pieces.

Inventory:

Hand Weapons
 a - a +0 shortbow (weapon)
 b - a +0 short sword
 l - a +0 mace
 m - a +0 sling
Missiles
 p - 3 poisoned darts
 q - 6 boomerangs
Armour
 c - a +0 leather armour
 y - a +0 ring mail (worn)
Jewellery
 i - a ring of protection from fire (left hand)
 j - a ring of see invisible (right hand)
Wands
 k - a wand of light (6)
 u - a wand of roots (9)
Scrolls
 d - a scroll of magic mapping {unknown}
 e - a scroll of immolation
 f - a scroll of summoning {unknown}
 h - a scroll of silence {unknown}
 o - 2 scrolls of amnesia
 s - a scroll of identify {unknown}
 x - a scroll of blinking {unknown}
Potions
 g - 3 potions of brilliance {unknown}
 n - a potion of degeneration {unknown}
 r - a potion of flight {unknown}
 t - 2 potions of might {unknown}
 v - 2 potions of curing {unknown}
 w - 2 potions of resistance {unknown}


   Skills:
 - Level 2.0 Fighting
 - Level 5.0 Ranged Weapons
 + Level 0.0 Armour
 - Level 2.0 Dodging
 - Level 1.0 Stealth
 + Level 1.4 Evocations


You had 3 spell levels left.
You didn't know any spells.
Your spell library was empty.

Dungeon Overview and Level Annotations

Branches:
Dungeon (3/15)

Annotations:
D:3 Ijyb


Innate Abilities, Weirdness & Mutations

You have an increased reservoir of magic. (+10% MP)
You shall have no god before yourself.
Your divine heritage dramatically boosts your attributes as you level up.


Message History

Ijyb is blinded.
Fire: a) +0 shortbow
Press: ? - help, Q - select action, (/) - cycle Shift-Dir - straight line, f/p - Ijyb
Aim: Ijyb, wielding a +2 antimagic dagger, wearing a +0 ring mail and carrying a wand of mindburst (5) (moderately wounded, blind, 60% to hit)
You shoot an arrow. The arrow hits Ijyb but does no damage.
Ijyb is moderately wounded.
Fire: a) +0 shortbow
Press: ? - help, Q - select action, (/) - cycle Shift-Dir - straight line, f - kobold, p - Ijyb
Aim: a kobold, wielding a +0 club (56% to hit)
You shoot an arrow. The arrow completely misses Ijyb.
The arrow misses the kobold.
Unknown command.
Fire: a) +0 shortbow
Press: ? - help, Q - select action, (/) - cycle Shift-Dir - straight line, f/p - kobold
Aim: a kobold, wielding a +0 club (56% to hit)
You shoot an arrow. The arrow hits Ijyb!
Ijyb is severely wounded.
Ijyb zaps a wand.
Your mind is blasted!
Fire: a) +0 shortbow
Press: ? - help, Q - select action, (/) - cycle Shift-Dir - straight line, f/p - kobold
Aim: a kobold, wielding a +0 club (56% to hit)
You shoot an arrow. The arrow barely misses Ijyb.
The arrow hits the kobold.
You kill the kobold!
Ijyb hits you with a +2 antimagic dagger.
You feel your power leaking away. Ijyb hits you but does no damage.
Fire: a) +0 shortbow
Press: ? - help, Q - select action, (/) - cycle Shift-Dir - straight line, f - Ijyb
Aim: Ijyb, wielding a +2 antimagic dagger, wearing a +0 ring mail and carrying a wand of mindburst (4) (severely wounded, blind, 60% to hit)
You shoot an arrow. The arrow hits Ijyb but does no damage.
Ijyb is severely wounded.
Ijyb hits you with a +2 antimagic dagger.
You feel your power leaking away.
Fire: a) +0 shortbow
Press: ? - help, Q - select action, (/) - cycle Shift-Dir - straight line, f/p - Ijyb
Aim: Ijyb, wielding a +2 antimagic dagger, wearing a +0 ring mail and carrying a wand of mindburst (4) (severely wounded, blind, 60% to hit)
You shoot an arrow. The arrow closely misses Ijyb.
Ijyb zaps a wand.
Your mind is blasted!
Ouch! That really hurt!
You die...

#........
#........
#........
#........
#........
#†.).....
#.g...... #@#
# #.# # #.# #
#.# # #.# #
#.# #
#.###########
#
#...........#
#
#.....#####.#
#


You could see Ijyb (blind).

Vanquished Creatures
  An orc priest (D:3)
  An adder (D:2)
  A worm (D:2)
  A dart slug (D:1)
  4 orcs (D:3)
  6 bats
  4 endoplasms
  6 goblins
  5 hobgoblins
  4 quokkas
  8 ball pythons
  3 frilled lizards
  4 kobolds
  4 rats
52 creatures vanquished.

Vanquished Creatures (others)
  8 plants (D:2)
8 creatures vanquished.

Grand Total: 60 creatures vanquished

Notes
Turn   | Place    | Note
-------+----------+-------------------------------------------
     0 | D:1      | wingedge the Demigod Hunter began the quest for the Orb.
     0 | D:1      | Reached XP level 1. HP: 17/17 MP: 3/3
   196 | D:1      | Reached skill level 1 in Stealth
   299 | D:1      | Reached XP level 2. HP: 24/24 MP: 4/4
   704 | D:1      | Reached skill level 4 in Ranged Weapons
  1282 | D:2      | Reached XP level 3. HP: 29/29 MP: 5/5
  2168 | D:3      | Reached skill level 5 in Ranged Weapons
  2168 | D:3      | Reached skill level 1 in Evocations
  2168 | D:3      | Reached XP level 4. HP: 36/36 MP: 6/6
  2586 | D:3      | Noticed Ijyb
  2598 | D:3      | Blown up by Ijyb

Illustrated notes

Levels and vault maps discovered:
D:1:      lightli_arrival_statuegarden, layout_basic
D:2:      layout_basic, chequers_big_river, amethyst_killhole,
          minmay_close_crescents
D:3:      layout_loops_ring, uniq_ijyb

Skill      XL: |  1  2  3 |
---------------+----------+-----
Fighting       | 2 |  2.0
Dodging        | 2 |  2.0
Stealth        | 1 |  1.0
Ranged Weapons | 4 5 |  5.0
Evocations     | 1 |  1.4

Action                   |  1- 3 |  4- 6 || total
-------------------------+-------+-------++-------
Melee: Short sword       |    13 |       ||    13
 Fire: Shortbow          |   101 |    15 ||   116
Evoke: Wand              |       |     1 ||     1
  Use: Scroll            |       |     1 ||     1
Armor: Leather armour    |     8 |       ||     8
       Ring mail         |       |     4 ||     4
Dodge: Dodged            |    26 |     3 ||    29
